 Dungeon Crawl Stone Soup version 0.30-a0-570-g486de37d69 (webtiles) character file.

Game seed: 9666968660601055254

6 Masnef the Sneak (level 1, -1/9 HPs)
             Began as a Spriggan Enchanter on Dec 29, 2022.
             Slain by an endoplasm (3 damage)
             ... on level 1 of the Dungeon.
             The game lasted 00:01:00 (226 turns).

Masnef the Sneak (Spriggan Enchanter)                Turns: 226, Time: 00:01:00

Health: -1/9       AC:  2    Str:  4    XL:     1   Next: 75%
Magic:  5/5        EV: 14    Int: 16    God:
Gold:   16         SH:  0    Dex: 15    Spells: 5/5 levels left

rFire   . . .      SeeInvis +    a - +1 dagger
rCold   . . .      Faith    .    (no shield)
rNeg    . . .      Spirit   .    b - +0 robe
rPois   .          Reflect  .    (helmet restricted)
rElec   .          Harm     .    (no cloak)
rCorr   .          Rampage  .    (gloves unavailable)
Will    .....                    (boots unavailable)
Stlth   +++                      (no amulet)
HPRegen 0.21/turn                (no ring)
MPRegen 0.09/turn                (no ring)

@: constricted, very quick
A: very small, no large weapons, unfitting armour, see invisible, speed 3
a: no special abilities


You were on level 1 of the Dungeon.
You visited 1 branch of the dungeon, and saw 1 of its levels.

You collected 16 gold pieces.

Inventory:

Hand Weapons
 a - a +1 dagger (weapon)
Armour
 b - a +0 robe (worn)
Scrolls
 d - a scroll of torment {unknown}
 h - 3 scrolls of enchant weapon {unknown}
 i - a scroll of teleportation {unknown}
Potions
 c - 2 potions of invisibility
 e - a potion of flight {unknown}
 f - a potion of cancellation {unknown}
 g - 3 potions of degeneration {unknown}


   Skills:
 + Level 1.9 Short Blades
 - Level 2.6 Dodging
 + Level 4.5 Stealth
 - Level 2.6 Spellcasting
 - Level 3.6 Hexes


You had 5 spell levels left.
You didn't know any spells.
Your spell library contained the following spells:

 Spells                   Type           Power      Damage    Failure   Level
 Confusing Touch          Hex            13%        N/A       13%         3
 Tukima's Dance           Hex            13%        N/A       13%         3
 Ensorcelled Hibernation  Hex/Ice        14%        N/A       14%         2
 Dazzling Flash           Conj/Hex       14%        N/A       28%         3


Dungeon Overview and Level Annotations

Branches:
Dungeon (1/15)

Altars:


Innate Abilities, Weirdness & Mutations

You are very small and have problems with some larger weapons.
You are too small for most types of armour.
You have supernaturally acute eyesight. (SInv)
You cover ground extremely quickly. (Speed+++)


Message History

You closely miss the hobgoblin.
The hobgoblin is severely wounded.
The hobgoblin misses you.
You hit the hobgoblin.
You kill the hobgoblin!
No target in view!
No target in view!
A ball python comes into view.
You see here a scroll labelled ROKIWIG JAAWASM.
An endoplasm comes into view.
Found a robe.
The endoplasm quivers.
The ball python hisses angrily.
You barely miss the endoplasm. The endoplasm freezes you.
You are frozen.
You barely miss the ball python. The ball python completely misses you.
The ball python misses you. The endoplasm closely misses you.
You hit the ball python.
The ball python is heavily wounded.
The ball python completely misses you. The ball python grabs you.
The ball python constricts you. The endoplasm misses you.
You closely miss the ball python.
The ball python is heavily wounded.
The ball python closely misses you. The ball python constricts you.
The endoplasm hits you.
You barely miss the ball python.
The ball python is heavily wounded.
The ball python completely misses you. The ball python constricts you.
The endoplasm freezes you.
You are frozen.
* * * LOW HITPOINT WARNING * * *
You are too injured to fight recklessly!
You are too injured to fight recklessly!
You are too injured to fight recklessly!
You hit the ball python.
The ball python is severely wounded.
The ball python bites you but does no damage.
The ball python constricts you. The endoplasm hits you.
You die...

..... +..$.+
##..###....#
#...#....####### #
##...>........#####
#####
##..............
'...#
#†.......^......
###.#
#...?...........
..#.#
#...###.........
#.#.# #...#
#.@S......
#.#.######.##
#..J..[...
#.#........#
#.........
#.##########
#......... 8#.#
########## ..## ⌠.#
..## .#.#


You could see an endoplasm and a ball python.

Vanquished Creatures
  A goblin (D:1)
  2 hobgoblins (D:1)
  2 bats (D:1)
  A rat (D:1)
6 creatures vanquished.

Notes
Turn   | Place    | Note
-------+----------+-------------------------------------------
     0 | D:1      | Masnef the Spriggan Enchanter began the quest for the Orb.
     0 | D:1      | Reached XP level 1. HP: 9/9 MP: 5/5
   142 | D:1      | Found a faded altar of an unknown god.
   226 | D:1      | Slain by an endoplasm

Illustrated notes

Levels and vault maps discovered:
D:1:      dpeg_arrival_rooms_with_view, layout_basic,
          shapermc_ecumenical_altar_venn

Action                   || total
-------------------------++-------
Melee: Dagger            ||    29
 Stab: Sleeping          ||     2
Armor: Robe              ||     2
Dodge: Dodged            ||    22

Table legend: (Time is in decaauts)
 A = Elapsed time spent in this place.
 B = Non-inter-level travel time spent in this place.
 C = Inter-level travel time spent in this place.
 D = Time resting spent in this place.
 E = Time spent auto-exploring this place.
 F = Levels seen in this place.
 G = Mean time per level.
                   A        B        C        D        E       F      G
               +--------+--------+--------+--------+--------+-----+--------+
         Total |    156 |    156 |      0 |      0 |     92 |   1 |  156.0 |
       Dungeon |    156 |    156 |      0 |      0 |     92 |   1 |  156.0 |
               +--------+--------+--------+--------+--------+-----+--------+

Top non-repeatable levels by time:
     D:1: 156 daAuts
